 Dungeon Sprint DCSS version 0.31-a0-656-gb4d89c20fa (webtiles) character file.

Game seed: 6114501561142880106

1936 rocky1 the Martial Artist (level 9, -3/67 HPs)
             Began as a Djinni Shapeshifter on Aug 31, 2023.
             Was an Initiate of Gozag.
             Slain by an orc warrior
             ... wielding a +0 halberd
              (12 damage)
             ... while paralysed by an orc sorcerer
             ... in the Dungeon (Sprint III: "The Ten Rune Challenge").
             The game lasted 00:06:22 (1570 turns).

rocky1 the Martial Artist (Djinni Shapeshifter)     Turns: 1570, Time: 00:06:23

Health: -3/67      AC:  4    Str: 13    XL:     9   Next: 40%
Gold:   616        EV:  2    Int: 14    God:    Gozag SH:  0 Dex: 15

rFire   + +          .
                       - Unarmed
rCold   x . .        (no shield)
rNeg    . . .        k - +2 robe
rPois   ∞            (helmet currently unavailable)
rElec   .            (cloak currently unavailable)
rCorr   .            (gloves currently unavailable)
SInv    .            (boots unavailable)
Will    .....        (no amulet)
Stlth   ++           (no ring)
HPRegen 0.31/turn    (no ring)
MPRegen 0.00/turn

%: no teleportation, infuse magic (-4 HP)
@: paralysed, beast-form, wereblooded, flying
A: beast (slay +4), flying, sickness immunity, fire resistance 2, cold
vulnerability 1, float, innate caster, HP casting, extra vitality 1
a: Begin Untransformation, Renounce Religion, Potion Petition, Call Merchant,
Bribe Branch


You were in the Dungeon.
You worshipped Gozag.
Gozag was pleased with you.
You were a hulking beast.
You visited 1 branch You collected 616 gold pieces.

Inventory:

Hand Weapons
 n - a +0 long sword of holy wrath
 s - a +3 scimitar of flaming
Armour
 a - a +0 animal skin
 k - a +2 robe (worn)
 t - a +0 robe
Talismans
 c - a beast talisman (active)
 d - a flux talisman
Wands
 h - a wand of polymorph (20)
Scrolls
 i - a scroll of blinking
 j - a scroll of enchant armour {unknown}
 m - 3 scrolls of torment {unknown}
 q - a scroll of poison
Potions
 b - a potion of lignification
 e - a potion of curing
 f - a potion of heal wounds
 g - a potion of haste
 l - 3 potions of mutation
 o - a potion of brilliance {unknown}
 p - a potion of enlightenment
 r - a potion of attraction {unknown}


   Skills:
 * Level 6.9 Fighting
 - Level 4.9 Dodging
 - Level 1.0 Stealth
 + Level 14.9 Unarmed Combat
 * Level 3.6 Spellcasting
 * Level 3.6 Conjurations
 * Level 3.6 Hexes
 * Level 3.6 Summonings
 * Level 3.6 Necromancy
 * Level 3.6 Translocations
 * Level 3.6 Transmutations
 * Level 3.6 Fire Magic
 * Level 3.6 Ice Magic
 * Level 3.6 Air Magic
 * Level 3.6 Earth Magic
 * Level 3.6 Poison Magic
 + Level 8.9 Shapeshifting


You knew the following spells:

 Your Spells              Type           Power      Damage    Failure   Level
a - Freeze                Ice            48%        1d6       4%          1
b - Wereblood             Tmut           12%        N/A       7%          2
c - Passwall              Tmut/Erth      10%        N/A       7%          2
d - Hailstorm             Conj/Ice       12%        3d5       14%         3
Your spell library was empty.

Dungeon Overview and Level Annotations

Branches:
Dungeon (1/1)

Altars:
Cheibriados
Dithmenos
Elyvilon
Fedhas
Gozag
Hepliaklqana
Makhleb
Nemelex Xobeh
Okawaru
Qazlal
Ru
Trog
Uskayaw
Wu Jian
Xom
Yredelemnul
Zin
The Shining One
Jiyva
Lugonu


Innate Abilities, Weirdness & Mutations

You are a hulking beast.
Your limbs bulge with bestial killing power. (Slay +4)
You are flying.
You are immune to sickness and miasma.
You are immune to poison.
Your flesh is very heat resistant. (rF++)
You are vulnerable to cold. (rC-)
You float through the air rather than walking.
You learn spells naturally, not from books.
Your magical power is your life essence.
You have superior vitality. (+4 MHP)


Message History

The orc warrior hits you with a +0 scimitar!
You hit the orc warrior.
The orc warrior is heavily wounded.
The orc is distracted by your dazzling golden aura.
You barely miss the orc warrior.
The orc warrior is heavily wounded.
The orc shouts!
The orc warrior hits you with a +0 scimitar!!
The orc priest calls down the wrath of Beogh upon you.
Beogh smites you!
You hit the orc warrior.
The orc warrior is severely wounded.
The orc warrior hits you with a +0 scimitar.
You pummel the orc warrior!!
You feel a bit better.
You kill the orc warrior!
You hear a splash. x2
Unknown command.
Okay, then.
The orc sorcerer gestures at you while chanting.
The bolt of fire hits the orc!!
The orc dies!
The bolt of fire hits you! You resist.
Items here: $ )) [[.
You hit the orc priest.
The orc priest is lightly wounded.
You howl as the wereblood boils in your veins!
The orc sorcerer is engulfed in a cloud of scalding steam.
The orc sorcerer gestures at you while chanting.
You suddenly lose the ability to move!
You hear a shout!
You howl as the wereblood boils in your veins!
The orc sorcerer is engulfed in a cloud of scalding steam.
The orc sorcerer hits you with a +0 dagger.
The orc warrior hits you from afar with a +0 halberd!
* * * LOW HITPOINT WARNING * * *
The orc sorcerer hits you with a +0 dagger.
* * * LOW HITPOINT WARNING * * *
The orc warrior hits you from afar with a +0 halberd!
You die...
Your body crumbles into a pile of gold.

♣.############
♣.#___#___#__##$#$##o
..#...#__)#._#$...oo
♣.###'#'###)##..ooo
..#..........#$..o
♣.'.⌠........#o$o
♣.#...######'#$o
..#.⌠.#__#...#o#####
..#...#__#...#.oh§§+
..#)###__#...#.#§§§#
..#)::#__#...'§#§§§#
..#___#__'...#.#§.§#
▓▓▓▓▓▓▓▓▓▓▓▓▓▓▓▓▓▓▓▓


You could see an orc sorcerer and an orc warrior.

Vanquished Creatures
  Erica (D)
  A deep elf pyromancer (D)
  A shadow (D)
  A spatial vortex (D)
  An orc warrior (D)
  A necrophage (D)
  A water elemental (D)
  A jelly (D)
  An orc priest (D)
  Jessica (D)
  A wizard (D)
  A necromancer (D)
  A kobold demonologist (D)
  3 humans (D)
  A phantom (D)
  An endoplasm (D)
  2 rats (D)
20 creatures vanquished.

Vanquished Creatures (others)
  An orc (D)
1 creature vanquished.

Grand Total: 21 creatures vanquished

Notes
Turn   | Place    | Note
-------+----------+-------------------------------------------
     0 | D        | rocky1 the Djinni Shapeshifter began the quest for the Orb.
     0 | D        | Reached XP level 1. HP: 17/17 MP: 0/0
    14 | D        | Noticed Jessica
    18 | D        | Killed Jessica
    19 | D        | Reached skill level 4 in Unarmed Combat
    19 | D        | Reached XP level 2. HP: 19/22 MP: 0/0
    19 | D        | Reached XP level 3. HP: 23/27 MP: 0/0
    19 | D        | Learned a level 1 spell: Freeze
   193 | D        | Reached skill level 5 in Unarmed Combat
   193 | D        | Reached XP level 4. HP: 12/32 MP: 0/0
   312 | D        | Noticed a water elemental
   317 | D        | Killed a water elemental
   318 | D        | Reached skill level 1 in Stealth
   318 | D        | Reached skill level 6 in Unarmed Combat
   318 | D        | Reached skill level 5 in Shapeshifting
   318 | D        | Reached XP level 5. HP: 37/37 MP: 0/0
   318 | D        | Learned a level 2 spell: Wereblood
   398 | D        | Reached skill level 7 in Unarmed Combat
   543 | D        | Noticed a shadow
   550 | D        | Killed a shadow
   551 | D        | Reached skill level 9 in Unarmed Combat
   551 | D        | Reached XP level 6. HP: 21/46 MP: 0/0
   795 | D        | Found a blossoming altar of Fedhas.
   795 | D        | Found a stormy altar of Qazlal.
   795 | D        | Found a snail-covered altar of Cheibriados.
   795 | D        | Found a burning altar of Makhleb.
   795 | D        | Found a shimmering altar of Xom.
   796 | D        | Found a hazy altar of Hepliaklqana.
   796 | D        | Found an opulent altar of Gozag.
   796 | D        | Found a sparkling altar of Nemelex Xobeh.
   796 | D        | Found a corrupted altar of Lugonu.
   796 | D        | Found a viscous altar of Jiyva.
   796 | D        | Noticed a spatial vortex
   802 | D        | Became a worshipper of Gozag Ym Sagoz the Greedy
   842 | D        | Found a basalt altar of Yredelemnul.
   842 | D        | Found a shadowy altar of Dithmenos.
   842 | D        | Found a sacrificial altar of Ru.
   851 | D        | Reached XP level 7. HP: 51/51 MP: 0/0
   851 | D        | Learned a level 2 spell: Passwall
   864 | D        | Found a glowing silver altar of Zin.
   864 | D        | Found a glowing golden altar of the Shining One.
   864 | D        | Found a white marble altar of Elyvilon.
   864 | D        | Noticed a deep elf pyromancer
   870 | D        | Noticed a fire elemental
   870 | D        | Noticed a fire elemental
   871 | D        | Killed a deep elf pyromancer
   872 | D        | Reached skill level 5 in Fighting
   872 | D        | Reached skill level 12 in Unarmed Combat
   872 | D        | Reached XP level 8. HP: 53/59 MP: 0/0
  1058 | D        | Found a hide-covered altar of Uskayaw.
  1058 | D        | Found an iron altar of Okawaru.
  1058 | D        | Found a bloodstained altar of Trog.
  1058 | D        | Found an ornate altar of the Wu Jian Council.
  1058 | D        | Noticed a human
  1059 | D        | Noticed a human
  1066 | D        | Killed a human
  1073 | D        | Killed a human
  1074 | D        | Reached skill level 13 in Unarmed Combat
  1408 | D        | Noticed Erica
  1418 | D        | Killed Erica
  1419 | D        | Reached skill level 14 in Unarmed Combat
  1419 | D        | Reached XP level 9. HP: 23/67 MP: 0/0
  1419 | D        | Learned a level 3 spell: Hailstorm
  1548 | D        | Noticed an orc sorcerer
  1568 | D        | Paralysed by an orc sorcerer for 3 turns
  1570 | D        | Slain by an orc warrior

Illustrated notes

Levels and vault maps discovered:
D:        dungeon_sprint_mu [sprint_mu_entry_forest, sprint_mu_temple_rooms,
          sprint_mu_d1_horrors, sprint_mu_d2_genie, sprint_mu_d3_branching,
          sprint_mu_orc_legion, sprint_mu_elf_gauntlet, sprint_mu_hive_nellie,
          sprint_mu_lair_fedhas, sprint_mu_vaults_butterflies,
          sprint_mu_slime_circle, sprint_mu_swamp_cave, sprint_mu_shoals_archi,
          sprint_mu_blade_basic, sprint_mu_crypt_fortress,
          sprint_mu_tomb_spiral, sprint_mu_vestibule_basic,
          sprint_mu_gehenna_hellfire, sprint_mu_dis_giant,
          sprint_mu_tartarus_statrot, sprint_mu_cocytus_islands, sprint_mu_zot1]

Skill      XL: |  1  2  3  4  5  6  7  8 |
---------------+-------------------------+-----
Shapeshifting  | 4 5 6 7 8 |  8.9
Unarmed Combat | 4 5 6 9 12 14 | 14.9
Dodging        | 3 4 |  4.9
Stealth        | 1 |  1.0
Fighting       | 3 5 6 |  6.9
Spellcasting   | 2 3 |  3.6
Conjurations   | 2 3 |  3.6
Hexes          | 2 3 |  3.6
Summonings     | 2 3 |  3.6
Necromancy     | 2 3 |  3.6
Translocations | 2 3 |  3.6
Transmutations | 2 3 |  3.6
Fire Magic     | 2 3 |  3.6
Ice Magic      | 2 3 |  3.6
Air Magic      | 2 3 |  3.6
Earth Magic    | 2 3 |  3.6
Poison Magic   | 2 3 |  3.6

Action                     |  1- 3 |  4- 6 |  7- 9 || total
---------------------------+-------+-------+-------++-------
  Melee: Unarmed           |    24 |    21 |    48 ||    93
         Punch             |     1 |     1 |     4 ||     6
   Cast: Wereblood         |       |     1 |     1 ||     2
    Use: Scroll            |       |     3 |       ||     3
         Potion            |       |     1 |     1 ||     2
   Stab: Sleeping          |     1 |       |       ||     1
 Armour: Animal skin       |     1 |       |       ||     1
         Robe              |     1 |     1 |     4 ||     6
  Dodge: Dodged            |     9 |     5 |    18 ||    32

Table legend: (Time is in decaauts)
 A = Elapsed time spent in this place.
 B = Non-inter-level travel time spent in this place.
 C = Inter-level travel time spent in this place.
 D = Time resting spent in this place.
 E = Time spent auto-exploring this place.
 F = Levels seen in this place.
 G = Mean time per level.
                   A        B        C        D        E       F      G
               +--------+--------+--------+--------+--------+-----+--------+
         Total |   1586 |   1586 |      0 |   1203 |      0 |   1 | 1586.0 |
       Dungeon |   1586 |   1586 |      0 |   1203 |      0 |   1 | 1586.0 |
               +--------+--------+--------+--------+--------+-----+--------+

Top non-repeatable levels by time:
       D: 1586 daAuts
